 Dungeon Crawl Stone Soup version 0.29.1-12-g30fa7ad0bf (webtiles) character file.

Game seed: 7405286577841604652

532 fantasyman the Chopper (level 7, -7/55 HPs)
             Began as a Formicid Fighter on Dec 28, 2022.
             Was an Initiate of Zin (penitent).
             Killed by divine providence
             ... invoked by an orc priest
              (15 damage)
             ... on level 4 of the Dungeon.
             The game lasted 00:06:51 (4367 turns).

fantasyman the Chopper (Formicid Fighter)           Turns: 4367, Time: 00:06:52

Health: -7/55      AC:  8    Str: 23    XL:     7   Next: 49%
Magic:  7/7        EV:  9    Int:  7    God:    Zin [......]
Gold:   158        SH:  5    Dex: 13    Spells: 6/6 levels left

rFire   . . .      SeeInvis +   a - +0 war axe (chaos)
rCold   . . .      Faith    .   c - +0 buckler
rNeg    . . .      Spirit   .   b - +0 scale mail
rPois   .          Reflect  .   (helmet unavailable)
rElec   .          Harm     .   (no cloak)
rCorr   .          Rampage  .   (no gloves)
Will    .....                   k - +0 pair of boots
Stlth   ..........              (no amulet)
HPRegen 0.18/turn               (no ring)
MPRegen 0.10/turn               (no ring)

@: very slow
A: permanent stasis, dig shafts and tunnels, antennae 3, four strong arms
a: Dig, Shaft Self, Renounce Religion, Donate Gold


You were on level 4 of the Dungeon.
You worshipped Zin.
Zin was demanding penance.
You visited 2 branches of the dungeon, and saw 6 of its levels.

You collected 175 gold pieces.
You donated 17 gold pieces to Zin.

Inventory:

Hand Weapons
 a - a +0 war axe of chaos (weapon)
Missiles
 o - a throwing net
Armour
 b - a +0 scale mail (worn)
 c - a +0 buckler (worn)
 k - a +0 pair of boots (worn)
Wands
 m - a wand of roots (14)
Scrolls
 f - a scroll of identify
 i - a scroll of fear
 l - a scroll of amnesia {unknown}
Potions
 d - a potion of might
 e - 2 potions of mutation
 g - a potion of ambrosia {unknown}
 h - a potion of flight {unknown}
 j - 2 potions of heal wounds {unknown}
 n - a potion of invisibility {unknown}


   Skills:
 + Level 4.4 Fighting
 * Level 6.4 Axes
 + Level 4.8 Armour
 - Level 4.0 Shields


You had 6 spell levels left.
You didn't know any spells.
Your spell library contained the following spells:

 Spells                   Type           Power      Damage    Failure   Level
 Sting                    Tmut/Pois      0%         1d3       80%         1
 Ensorcelled Hibernation  Hex/Ice        0%         N/A       91%         2
 Poisonous Vapours        Pois/Air       0%         N/A       91%         2
 Spider Form              Tmut/Pois      0%         N/A       99%         3
 Anguish                  Hex/Necr       0%         N/A       100%        4
 Animate Dead             Necr           0%         N/A       100%        4
 Olgreb's Toxic Radiance  Pois           0%         N/A       100%        4
 Haunt                    Necr/Summ      0%         N/A       100%        7
 Infestation              Necr           0%         N/A       100%        8


Dungeon Overview and Level Annotations

Branches:
Dungeon (5/15)             Temple (1/1) D:4

Altars:
Ashenzari
Cheibriados
Kikubaaqudgha
Makhleb
Ru
Sif Muna
Trog
Wu Jian
Xom
Yredelemnul
Zin

Shops:
D:2 *[

Annotations:
D:4 1 transporter


Innate Abilities, Weirdness & Mutations

You cannot be hasted, slowed, berserked, paralysed or teleported.
You can dig through walls and to a lower floor.
You have a pair of large antennae on your head. (SInv)
Your four strong arms can wield two-handed weapons with a shield.


Message History

The shadow imp shouts, "Decamp, thou unhinged flap-mouthed gonus!"
The orc priest shouts!
There is a transporter here.
You enter the transporter and appear at another place.
No reachable target in view!
m - a wand of roots (14)
You open the door.
The orc priest looks satisfied for a moment.
The shadow imp shouts, "Scamper home, thou mangled kobold-kissing tiddler!"
The orc priest mumbles some strange prayers to Beogh against you.
Pain shoots through your body!
There is an open door here.
The orc priest calls down the wrath of Beogh upon you.
Beogh smites you!
The orc priest invokes the aid of Beogh against you.
Pain shoots through your body!
The orc priest looks braver for a moment.
Why would you want to do that? Why would you want to do that?
Why would you want to do that?
The orc priest mumbles some strange prayers to Beogh against you.
Beogh smites you!
* * * LOW HITPOINT WARNING * * *
The shadow imp shouts, "Scamper home, thou churlish dismal-dreaming slabber!"
The shadow imp gestures at you. Pain shoots through your body!
* * * LOW HITPOINT WARNING * * *
You enter the shallow water.
Moving in this stuff is going to be slow.
You feel guilty. "You will pay for your transgression, mortal!"
You hit the plant.
The plant begins to die.
The plant is poisoned.
The plant is lightly damaged.
You feel guilty. "You will pay for your transgression, mortal!"
You hit the plant. You freeze the plant.
The plant is lightly damaged.
The orc priest calls down the wrath of Beogh upon you.
Beogh smites you!
You die...

#.#.#########.# .#####
#.#.#8P$©$P8#.#
#....###.#.#~..?..~#.#
.....>...#.####+####.#
.###.#####.#.≈...≈.#.#
#.# #.#.≈...≈.#.# #.#
#.#.≈P~~≈.#.# #.#
#.#.≈P⌠P≈5#.# ...#.#
#.#5≈~~@≈o#.# ...#.#
#.#5≈...≈o#.# ...#.#
#.#.≈...≈.#.# ...#.#
#.####'####.# ...#.#
#.#P.....P#.# ...#.#
#.#8P.©.P8#.# ...#.#
#.#########.#
.....#####.....©.[...#
#........#####...###.#


You could see 2 orc priests and 3 shadow imps.

Vanquished Creatures
  A water moccasin (D:3)
  Blork the orc (D:4)
  A howler monkey (D:4)
  2 hounds (D:4)
  Natasha (twice) (D:3)
  7 gnolls
  6 adders
  A worm (D:4)
  6 orcs
  2 bats
  5 endoplasms
  3 giant cockroaches
  7 goblins
  12 hobgoblins
  10 jackals
  A quokka (D:3)
  5 ball pythons
  3 frilled lizards
  6 kobolds
  5 rats
86 creatures vanquished.

Vanquished Creatures (others)
  An orc zombie (D:4)
1 creature vanquished.

Grand Total: 87 creatures vanquished

Notes
Turn   | Place    | Note
-------+----------+-------------------------------------------
     0 | D:1      | fantasyman the Formicid Fighter began the quest for the
                  | Orb.
     0 | D:1      | Reached XP level 1. HP: 18/18 MP: 1/1
   133 | D:1      | Reached XP level 2. HP: 24/24 MP: 2/2
   168 | D:1      | Found a faded altar of an unknown god.
   462 | D:1      | Reached XP level 3. HP: 29/29 MP: 3/3
   998 | D:2      | Reached skill level 3 in Axes
  1003 | D:2      | Reached XP level 4. HP: 17/37 MP: 4/4
  1376 | D:2      | Found Kuic's Assorted Antiques.
  1650 | D:2      | Found Asapadat's Antique Armour Emporium.
  1956 | D:3      | Found a burning altar of Makhleb.
  2238 | D:3      | Reached XP level 5. HP: 34/42 MP: 5/5
  2336 | D:3      | Found a broken altar of Ashenzari.
  2454 | D:3      | Reached skill level 4 in Axes
  2607 | D:3      | Noticed Natasha
  2612 | D:3      | Killed Natasha
  2775 | D:3      | Noticed a water moccasin
  2782 | D:3      | Killed a water moccasin
  2783 | D:3      | Reached skill level 5 in Axes
  2783 | D:3      | Reached XP level 6. HP: 32/48 MP: 6/6
  2801 | D:3      | Noticed Natasha
  2808 | D:3      | Killed Natasha
  2966 | D:3      | Found an ornate altar of the Wu Jian Council.
  3084 | D:4      | Noticed Blork the orc
  3095 | D:4      | Killed Blork the orc
  3096 | D:4      | Reached XP level 7. HP: 21/54 MP: 7/7
  3216 | D:5      | Entered Level 5 of the Dungeon
  3661 | D:4      | Reached skill level 6 in Axes
  3816 | D:4      | Found a snail-covered altar of Cheibriados.
  4148 | D:4      | Found a staircase to the Ecumenical Temple.
  4161 | Temple   | Entered the Ecumenical Temple
  4208 | Temple   | Became a worshipper of Zin the Law-Giver
  4208 | Temple   | Reached * piety under Zin
  4243 | D:4      | Found a transporter.
  4263 | D:4      | Found a transporter.
  4290 | D:4      | Was placed under penance by Zin
  4367 | D:4      | Killed from afar by an orc priest

Illustrated notes

Levels and vault maps discovered:
D:1:      pf_arrival_petrified_forest, layout_loops_ring, basic_ecumenical_altar
D:2:      layout_basic, serial_shops, shop, shop, item_on_display_a
D:3:      layout_loops_ring, mainiacjoe_overflow_paths, ashenzari_altar_1,
          nzn_wu_jian_council_hall, grunt_ministairs_8,
          kennysheep_generic_room_10, uniq_natasha
D:4:      gammafunk_wand_slinger, layout_loops_ring, kennysheep_mini_moat,
          grunt_qazlal_sundering, old_standard_altar,
          nemelex_xobeh_ov_fountains_minmay, minmay_temple_entry_mini_moons,
          minivault_11, corner_web_ring, minmay_checkerbox, uniq_blork_the_orc,
          uniq_crazy_yiuf_cottage
D:5:      layout_rooms, overflow_temple_1_default,
          mainiacjoe_overflow_catch_the_wave, uniq_edmund
Temple:   nicolae_temple_ecumenical_triangle

Skill      XL: |  1  2  3  4  5  6  7 |
---------------+----------------------+-----
Axes           | 3 5 6 |  6.4
Armour         | 4 |  4.8
Fighting       | 4 |  4.4
Shields        | |  4.0

Action                   |  1- 3 |  4- 6 |  7- 9 || total
-------------------------+-------+-------+-------++-------
Melee: War axe           |    68 |   123 |    56 ||   247
  Use: Scroll            |       |     8 |       ||     8
 Stab: Confused          |       |     1 |       ||     1
       Paralysed         |       |       |     1 ||     1
Armor: Scale mail        |    26 |    59 |    17 ||   102
Dodge: Dodged            |    40 |    58 |    25 ||   123
Block: Buckler           |    22 |    22 |    12 ||    56
